 Dungeon Crawl Stone Soup version 0.19-a0-835-gf140595 (webtiles) character file.

212 rageheart7 the Shield-Bearer (level 5, -3/49 HPs)
             Began as a Gargoyle Fighter on June 30, 2016.
             Was an Initiate of Okawaru.
             Killed from afar by an orc wizard (6 damage)
             ... with a puff of flame
             ... on level 3 of the Dungeon.
             The game lasted 00:07:44 (2000 turns).

rageheart7 the Shield-Bearer (Gargoyle Fighter)     Turns: 2000, Time: 00:07:45

Health: -3/49      AC: 22    Str: 20    XL:     5   Next: 90%
Magic:  5/6        EV:  2    Int:  8    God:    Okawaru [......]
Gold:   42         SH: 10    Dex: 15    Spells: 0 memorised, 4 levels left

rFire  . . .     SeeInvis .     a - +0 flail
rCold  . . .     Gourm    .     (armour currently unavailable)
rNeg   + + +     Faith    .     c - +0 shield
rPois  ∞         Spirit   .     (helmet currently unavailable)
rElec  .         Dismiss  .     (cloak currently unavailable)
rCorr  .         Reflect  .     (gloves currently unavailable)
SustAt .         Harm     .     (boots currently unavailable)
MR     .....     NoTele   +     (no amulet)
Stlth  ++........               (no ring)
                                (no ring)

@: agile, tree-form, not resistant to hostile enchantments, unstealthy
A: negative energy resistance 1, (electricity resistance), (unbreathing),
petrification resistance, rot immunity, AC +4
a: Renounce Religion


You were on level 3 of the Dungeon.
You worshipped Okawaru.
Okawaru was noncommittal.
You were not hungry.
You were a tree.
You visited 1 branch of the dungeon, and saw 3 of its levels.

You collected 42 gold pieces.

Inventory:

Hand Weapons
 a - a +0 flail (weapon)
Armour
 c - a +0 shield (worn)
 e - a +0 pair of boots (melded)
 h - a +2 ring mail of magic resistance (melded)
Comestibles
 f - 2 bread rations
 g - 3 slices of pizza
 i - a beef jerky
 j - 2 chunks of flesh


   Skills:
 - Level 4.0 Fighting
 * Level 3.3 Maces & Flails
 - Level 4.1 Armour
 - Level 1.1 Dodging
 - Level 4.5 Shields
 * Level 1.4 Invocations


You had 4 spell levels left.
You didn't know any spells.

Dungeon Overview and Level Annotations

Branches:
Dungeon (3/15)

Altars:
Okawaru


Innate Abilities, Weirdness & Mutations

You are resistant to torment.
((Your stone body is resilient. (AC +4)))
You are immune to poison.
You resist negative energy. (rN+)
((You are resistant to electric shocks. (rElec)))
((You can survive without breathing.))
You are immune to petrification.
You are immune to rotting.


Message History

You kill the kobold!
Okawaru accepts your kill. Something hits you but does no damage.
You hear some strange, mumbled words.
A magic dart appears from out of thin air!
The magic dart hits you! You block the orc's attack.
You sock the orc!
You kill the orc!
Okawaru accepts your kill.
Something hits you but does no damage. x2
Your shield prevents you from hitting the giant newt.
Something hits you but does no damage. You block the giant newt's attack.
Something hits you but does no damage.
The giant newt bites you but does no damage.
You aren't carrying any potions.
You barely miss something.
You hear some strange, mumbled words.
A puff of flame appears from out of thin air!
The puff of flame hits you!
You die...

......## #.# ........
.[# ......## #.#
..##.## #.# ..##.#####
#.# .........# #.#
.###.###.# #.# .# #.#
#.# #.###l#
.###.###.###...{♣#
...........#####.#
.###.###.#.#####.###.#
.# #.................#
.#######.#############
.........# ##########


You could see a giant newt.

Vanquished Creatures
  An orc wizard (D:3)
  Ijyb (D:2)
  Jessica (D:2)
  Terence (D:2)
  4 gnolls (D:2)
  An adder (D:3)
  2 oozes (D:1)
  A dart slug (D:2)
  A giant gecko (D:1)
  3 orcs (D:3)
  2 ball pythons
  2 giant cockroaches
  8 goblins
  6 hobgoblins
  6 kobolds
  3 bats
  2 giant newts
  3 rats
48 creatures vanquished.

Notes
Turn   | Place    | Note
--------------------------------------------------------------
     0 | D:1      | rageheart7 the Gargoyle Fighter began the quest for the Orb.
     0 | D:1      | Reached XP level 1. HP: 14/14 MP: 1/1
    87 | D:1      | Reached XP level 2. HP: 17/19 MP: 2/2
   519 | D:1      | Reached XP level 3. HP: 23/23 MP: 3/3
   990 | D:2      | Noticed Jessica
   996 | D:2      | Killed Jessica
   996 | D:2      | Reached XP level 4. HP: 29/29 MP: 4/4
  1390 | D:2      | Found an iron altar of Okawaru.
  1492 | D:2      | Became a worshipper of Warmaster Okawaru
  1554 | D:2      | Noticed Terence
  1564 | D:2      | Killed Terence
  1564 | D:2      | Reached skill level 1 in Dodging
  1564 | D:2      | Reached XP level 5. HP: 28/33 MP: 5/5
  1634 | D:2      | Noticed Ijyb
  1675 | D:2      | Killed Ijyb
  1919 | D:3      | Reached skill level 1 in Invocations
  1996 | D:3      | HP: 2/49 [something (1)]
  2000 | D:3      | Killed from afar by an orc wizard

Vault maps used:
D:1:      saegor_arrival_simple_a, dk_noncrumbling_4, minmay_misc_feat_five
D:2:      corexii_corridor_pit, okawaru_altar_gauntlet_db, uniq_terence,
          uniq_jessica, uniq_iyjb
D:3:      st_stairs_10, uniq_sigmund, uniq_robin, uniq_grinder

Skill      XL: |  1  2  3  4  5 |
---------------+----------------+-----
Shields        | 4 |  4.5
Armour         | 4 |  4.1
Fighting       | 4 |  4.0
Dodging        | 1 |  1.1
Invocations    | 1 |  1.4
Maces & Flails | 3 |  3.3

Action                   |  1- 3 |  4- 6 || total
-------------------------+-------+-------++-------
Melee: Flail             |    75 |   143 ||   218
  Use: Scroll            |     1 |     2 ||     3
       Potion            |       |     3 ||     3
  Eat: Chunk             |       |     4 ||     4
Armor: Scale mail        |    47 |    51 ||    98
       Skin              |       |    27 ||    27
       Ring mail         |       |    18 ||    18
Dodge: Dodged            |    30 |    40 ||    70
Block: Shield            |    45 |    89 ||   134
